 Dungeon Crawl Stone Soup version 0.29.0-13-gc9e81de378 (webtiles) character file.

Game seed: 12781297069454521563

4 SnakkuSnakku7 the Grasshopper (level 1, -2/19 HPs)
             Began as a Naga Warper on Sept 9, 2022.
             Killed from afar by a dart slug (6 damage)
             ... with a slug dart
             ... on level 1 of the Dungeon.
             The game lasted 00:00:23 (86 turns).

SnakkuSnakku7 the Grasshopper (Naga Warper)           Turns: 86, Time: 00:00:23

Health: -2/19      AC:  1    Str: 13    XL:     1   Next: 70%
Magic:  3/3        EV:  9    Int: 13    God:
Gold:   3          SH:  0    Dex: 10    Spells: 4/4 levels left

rFire   . . .      SeeInvis +   a - +0 hand axe
rCold   . . .      Faith    .   (no shield)
rNeg    . . .      Spirit   .   b - +0 leather armour
rPois   +          Reflect  .   (no helmet)
rElec   .          Harm     .   (no cloak)
rCorr   .          Rampage  .   (no gloves)
Will    .....                   (no barding)
Stlth   +.........              (no amulet)
HPRegen 0.06/turn               (no ring)
MPRegen 0.08/turn               (no ring)

@: very slow
A: AC +0, large, see invisible, deformed body, poison resistance, slowness 2,
spit poison 1, naga tail 1
a: Spit Poison


You were on level 1 of the Dungeon.
You visited 1 branch of the dungeon, and saw 1 of its levels.

You collected 3 gold pieces.

Inventory:

Hand Weapons
 a - a +0 hand axe (weapon)
Missiles
 d - 7 boomerangs of dispersal
Armour
 b - a +0 leather armour (worn)
Scrolls
 c - a scroll of blinking
Potions
 e - a potion of ambrosia {unknown}


   Skills:
 - Level 2.0 Fighting
 + Level 2.4 Axes
 - Level 0.8 Throwing
 - Level 0.7 Armour
 - Level 1.5 Dodging
 - Level 2.0 Spellcasting
 - Level 3.0 Translocations


You had 4 spell levels left.
You didn't know any spells.
Your spell library contained the following spells:

 Spells                   Type           Power      Damage    Failure   Level
 Blink                    Tloc           18%        N/A       14%         2
 Gell's Gravitas          Tloc           9%         N/A       28%         3
 Lesser Beckoning         Tloc           9%         N/A       28%         3
 Teleport Other           Tloc           9%         N/A       28%         3
 Manifold Assault         Tloc           9%         N/A       95%         5


Dungeon Overview and Level Annotations

Branches:
Dungeon (1/15)

Altars:


Innate Abilities, Weirdness & Mutations

Your serpentine skin is tough. (AC +0)
You have supernaturally acute eyesight. (SInv)
Armour fits poorly on your strangely shaped body.
Your system is resistant to poisons. (rPois)
You cover ground very slowly.
You can spit poison.
You have a snake-like lower body.


Message History

You miss the bat.
The bat is moderately wounded.
You hit the endoplasm but do no damage. The bat hits you.
The endoplasm freezes you.
You are frozen.
Unknown command.
You hit the endoplasm.
The endoplasm is severely wounded.
You hit the bat.
You kill the bat!
The endoplasm hits you but does no damage.
Unknown command.
You hit the endoplasm.
You kill the endoplasm!
A frilled lizard comes into view.
Found a stone staircase leading down.
The frilled lizard hisses angrily.
A frilled lizard is nearby!
A dart slug comes into view.
The frilled lizard barely misses you.
You miss the frilled lizard. The frilled lizard bites you.
The frilled lizard bites you but does no damage.
You hit the frilled lizard.
You kill the frilled lizard!
You see here a frilled lizard corpse.
You start resting.
A dart slug is nearby!
Found 18 gold pieces and a club.
You are too injured to fight recklessly!
You are too injured to fight recklessly!
You are too injured to fight recklessly!
The dart slug launches a dart at you. The slug dart hits you.
The dart slug bites you.
* * * LOW HITPOINT WARNING * * *
You hit the dart slug.
The dart slug is severely wounded.
The dart slug launches a dart at you. The slug dart hits you.
You die...

.... ....## #.....#
+.....# ####+###.....#
#.# #............# #.#
#............# ###.###
#.....@w....>###.....#
#..............+.....#
#......#.....###.....#
........#.....###.....#
##.............†......#
#....###..###..###...#
....#. #.$#....#.#.#.#
....#. #..###..#.#.#.#
.. ).............#


You could see a dart slug.

Vanquished Creatures
  A ball python (D:1)
  A bat (D:1)
  An endoplasm (D:1)
  A frilled lizard (D:1)
4 creatures vanquished.

Notes
Turn   | Place    | Note
-------+----------+-------------------------------------------
     0 | D:1      | SnakkuSnakku7 the Naga Warper began the quest for the Orb.
     0 | D:1      | Reached XP level 1. HP: 19/19 MP: 3/3
    86 | D:1      | Killed from afar by a dart slug

Illustrated notes

Levels and vault maps discovered:
D:1:      kennysheep_arrival_seaside, layout_basic, minmay_misc_feat_nine_boxes

Action                   || total
-------------------------++-------
Melee: Hand axe          ||    18
       Punch             ||     1
Armor: Leather armour    ||    10
Dodge: Dodged            ||    17
